 Dungeon Crawl Stone Soup version 0.28.0 (webtiles) character file.

Game seed: 1856018872230787605

11 RascalDebosk the Grave Robber (level 2, -9/20 HPs)
             Began as a Demonspawn Necromancer on Feb 14, 2022.
             Mangled by a worm (10 damage)
             ... on level 2 of the Dungeon.
             The game lasted 00:08:19 (926 turns).

RascalDebosk the Grave Robber (DsNe)                 Turns: 926, Time: 00:08:19

Health: -9/20      AC:  2    Str:  8    XL:     2   Next: 13%
Magic:  0/5        EV: 12    Int: 16    God:
Gold:   54         SH:  4    Dex: 13    Spells: 4/5 levels left

rFire   . . .      SeeInvis .   b - staff of death
rCold   . . .      Faith    .   (no shield)
rNeg    + . .      Spirit   .   a - +0 robe
rPois   .          Reflect  .   (no helmet)
rElec   .          Harm     .   (no cloak)
rCorr   .          Rampage  .   (no gloves)
Will    .....                   (no boots)
Stlth   ++........              (no amulet)
HPRegen 0.06/turn               (no ring)
MPRegen 0.09/turn               (no ring)

@: no status effects
A: large bone plates 1
a: no special abilities


You were on level 2 of the Dungeon.
You visited 1 branch of the dungeon, and saw 2 of its levels.

You collected 54 gold pieces.

Inventory:

Armour
 a - a +0 robe (worn)
Magical Staves
 b - a staff of death (weapon)
Scrolls
 c - a scroll of immolation
 e - a scroll of brand weapon {unknown}
Potions
 d - a potion of mutation {unknown}


   Skills:
 + Level 0.4 Fighting
 + Level 0.0 Staves
 + Level 0.2 Armour
 + Level 1.7 Dodging
 * Level 2.0 Stealth
 * Level 2.1 Spellcasting
 * Level 4.5 Necromancy
 + Level 0.1 Invocations
 + Level 0.1 Evocations


You had 4 spell levels left.
You knew the following spells:

 Your Spells              Type           Power      Damage    Failure   Level
a - Pain                  Necr           96%        1d8       3%          1

Your spell library contained the following spells:

 Spells                   Type           Power      Damage    Failure   Level
 Animate Skeleton         Necr           48%        N/A       3%          1
 Vampiric Draining        Necr           24%        2d7       10%         3
 Animate Dead             Necr           12%        N/A       32%         4
 Agony                    Necr           24%        N/A       65%         5


Dungeon Overview and Level Annotations

Branches:
Dungeon (2/15)

Altars:


Innate Abilities, Weirdness & Mutations

You are partially covered in large bone plates. (SH +4)


Message History

The worm is moderately wounded.
Aiming: Pain (safe; 3% risk of failure)
Press: ? - help, Q - select action Shift-Dir - straight line, f - worm
Aim: a worm (moderately wounded, chance to affect: 88%)
You feel a surge of power!
The worm writhes in agony.
The worm bites you!
Aiming: Pain (safe; 3% risk of failure)
Press: ? - help, Q - select action Shift-Dir - straight line, f/p - worm
Aim: a worm (heavily wounded, chance to affect: 88%)
You feel a surge of power!
The worm writhes in agony.
You block the worm's attack.
Aiming: Pain (safe; 3% risk of failure)
Press: ? - help, Q - select action Shift-Dir - straight line, f/p - worm
Aim: a worm (heavily wounded, chance to affect: 88%)
You feel a surge of power!
The worm barely resists.
Aiming: Pain (safe; 3% risk of failure)
Press: ? - help, Q - select action Shift-Dir - straight line, f/p - worm
Aim: a worm (heavily wounded, chance to affect: 88%)
You feel a surge of power!
The worm writhes in agony.
The worm barely misses you.
Aiming: Pain (safe; 3% risk of failure)
Press: ? - help, Q - select action Shift-Dir - straight line, f/p - worm
Aim: a worm (severely wounded, chance to affect: 88%)
You feel a surge of power!
The worm writhes in agony.
You don't have enough magic to cast this spell.
You don't have enough magic to cast this spell.
You hit the worm.
The worm is almost dead.
The worm bites you but does no damage.
You hit the worm but do no damage.
The worm is almost dead.
The worm bites you!
* * * LOW HITPOINT WARNING * * *
You barely miss the worm.
The worm is almost dead.
You hit the worm but do no damage.
The worm is almost dead.
The worm bites you!
Ouch! That really hurt!
You die...

## .. .##### .....
############..#
#^..........#.#
#...........#w####.#
#.........<.@.......
#...........##.###.#
############...#
.... ....# ....#
.....# .#.#


You could see a worm.

Vanquished Creatures
  2 bats (D:1)
  An endoplasm (D:2)
  2 quokkas (D:1)
  2 ball pythons (D:1)
  A goblin (D:1)
  2 kobolds (D:1)
  A rat (D:1)
11 creatures vanquished.

Notes
Turn   | Place    | Note
-------+----------+-------------------------------------------
     0 | D:1      | RascalDebosk the Demonspawn Necromancer began the quest for
                  | the Orb.
     0 | D:1      | Reached XP level 1. HP: 13/13 MP: 3/3
   219 | D:1      | Found a faded altar of an unknown god.
   403 | D:1      | Gained mutation: You are partially covered in large bone
                  | plates. (SH +4) [demonic ancestry]
   403 | D:1      | Reached XP level 2. HP: 18/20 MP: 1/5
   924 | D:2      | HP: 1/20 [worm (8)]
   926 | D:2      | Mangled by a worm

Illustrated notes

Levels and vault maps discovered:
D:1:      nzn_arrival_depleted_hourglass, layout_loops_ring,
          hellmonk_ecumenical_altar_blasted
D:2:      layout_basic, corexii_leaking_fountain

Skill      XL: |  1 |
---------------+----+-----
Stealth        | 2 |  2.0
Fighting       | |  0.4
Armour         | |  0.2
Dodging        | |  1.7
Spellcasting   | |  2.1
Necromancy     | |  4.5
Invocations    | |  0.1
Evocations     | |  0.1

Action                   || total
-------------------------++-------
Melee: Staff             ||    13
 Cast: Pain              ||    19
 Stab: Sleeping          ||     1
Armor: Robe              ||     4
Dodge: Dodged            ||     8
Block: Other             ||     4
